 Dungeon Crawl Stone Soup version 0.29-a0-393-g47a863cc1b (webtiles) character file.

Game seed: 14711038224573267491

2273 hquester the Grappler (level 9, -9/84 HPs)
             Began as a Troll Fighter on May 10, 2022.
             Mangled by an orc warrior
             ... wielding a +0 trident
              (12 damage)
             ... on level 6 of the Dungeon.
             The game lasted 01:03:22 (5525 turns).

hquester the Grappler (Troll Fighter)               Turns: 5525, Time: 01:03:22

Health: -9/84      AC:  5    Str: 28    XL:     9   Next: 16%
Magic:  8/8        EV: 10    Int:  4    God:
Gold:   424        SH:  8    Dex: 11    Spells: 8/8 levels left

rFire   . . .      SeeInvis .     - Unarmed
rCold   . . .      Faith    .   b - +0 kite shield
rNeg    . . .      Spirit   .   a - +0 robe
rPois   .          Reflect  .   (helmet restricted)
rElec   .          Harm     .   w - +0 cloak
rCorr   .          Rampage  .   (gloves unavailable)
Will    .....                   (boots unavailable)
Stlth   ++........              (no amulet)
HPRegen 1.04/turn               k - ring of flight
MPRegen 0.11/turn               (no ring)

@: flying
A: large, unfitting armour, claws 3, regeneration 1, shaggy fur 1, tough skin 1
a: no special abilities


You were on level 6 of the Dungeon.
You visited 2 branches of the dungeon, and saw 8 of its levels.

You collected 424 gold pieces.

Inventory:

Hand Weapons
 q - a +0 hunting sling
 y - a +0 short sword of venom
 A - a +0 flail
 B - a +0 lajatang
 C - a +2 dagger of draining
 E - a +0 short sword
Missiles
 h - 97 stones (quivered)
 u - 4 javelins
Armour
 a - a +0 robe (worn)
 b - a +0 kite shield (worn)
 w - a +0 cloak (worn)
 D - a +0 robe
Jewellery
 d - an amulet of faith
 k - a ring of flight (left claw)
Wands
 n - a wand of iceblast (4)
Scrolls
 e - 5 scrolls of identify
 f - a scroll of enchant weapon
 g - a scroll of blinking
 i - a scroll of magic mapping {unknown}
 o - a scroll of silence {unknown}
 x - a scroll of immolation {unknown}
 z - 2 scrolls of teleportation {unknown}
Potions
 c - a potion of might
 j - a potion of curing
 l - 2 potions of haste
 m - a potion of attraction {unknown}
 p - a potion of cancellation {unknown}
 r - 2 potions of resistance
 s - a potion of ambrosia
 t - a potion of lignification
 v - a potion of brilliance {unknown}


   Skills:
 + Level 3.8 Fighting
 + Level 0.8 Short Blades
 + Level 0.1 Throwing
 + Level 5.3 Dodging
 + Level 1.3 Stealth
 + Level 4.9 Shields
 + Level 8.5 Unarmed Combat


You had 8 spell levels left.
You didn't know any spells.
Your spell library contained the following spells:

 Spells                   Type           Power      Damage    Failure   Level
 Blink                    Tloc           0%         N/A       88%         2
 Sublimation of Blood     Necr           0%         N/A       88%         2
 Wereblood                Tmut           0%         N/A       88%         2
 Gell's Gravitas          Tloc           0%         N/A       98%         3
 Lesser Beckoning         Tloc           0%         N/A       98%         3
 Teleport Other           Tloc           0%         N/A       98%         3
 Manifold Assault         Tloc           0%         N/A       100%        5
 Summon Hydra             Summ           0%         N/A       100%        7


Dungeon Overview and Level Annotations

Branches:
Dungeon (7/15)             Temple (1/1) D:4

Altars:
Ashenzari
Cheibriados
Dithmenos
Elyvilon
Fedhas
Gozag
Hepliaklqana
Kikubaaqudgha
Nemelex Xobeh
Okawaru
Qazlal
Ru
Sif Muna
Trog
Uskayaw
Vehumet
Wu Jian
Yredelemnul
Zin
The Shining One


Innate Abilities, Weirdness & Mutations

You are too large for most types of armour.
You have claws for hands.
Your natural rate of healing is unusually fast.
You are covered in fur. (AC +1)
You have tough skin. (AC +1)


Message History

There is an open translucent door, spattered with blood here.
You see here a +0 mace.
The orc warrior barely misses you.
Items here: ( ))))))))))) [[[[[[ †††††††.
Items here: )))) [ ††.
You see here a +0 leather armour.
The orc warrior hits you with a +0 trident!
* * * LOW HITPOINT WARNING * * *
You scratch the orc warrior.
The orc warrior is lightly wounded.
The orc warrior hits you with a +0 trident.
* * * LOW HITPOINT WARNING * * *
You scratch the orc warrior but do no damage.
The orc warrior is lightly wounded.
You block the orc warrior's attack.
You closely miss the orc warrior.
The orc warrior is lightly wounded.
You block the orc warrior's attack.
You claw the orc warrior!
The orc warrior is heavily wounded.
The orc warrior closely misses you.
You completely miss the orc warrior.
The orc warrior is heavily wounded.
The orc warrior hits you with a +0 trident!
* * * LOW HITPOINT WARNING * * *
You closely miss the orc warrior.
The orc warrior is heavily wounded.
The orc warrior completely misses you.
The orc warrior hits you from afar with a +0 trident!
* * * LOW HITPOINT WARNING * * *
The orc warrior hits you with a +0 trident!
* * * LOW HITPOINT WARNING * * *
You claw the orc warrior!
The orc warrior is severely wounded.
The orc warrior hits you with a +0 trident!
* * * LOW HITPOINT WARNING * * *
The orc warrior attacks as you move away!
You block the orc warrior's attack.
The orc warrior hits you from afar with a +0 trident!
You die...

#.# #.# #.# #.#
#.# #.# #.# #.##
#.# #..# #.# ##.#
#.# #.# #.# #.#
#.# #@# #.# #.#
o.oo..# #.# #o#
..o..o# #.# #o#
8...8.####.# #.#
......#....# #.#
......##########.#
8...8.# #....#
......# #o####


You could see an orc warrior and an orc.

Vanquished Creatures
  Eustachio (D:4)
  A wraith (D:5)
  3 water moccasins
  A black bear (D:4)
  2 orc warriors (D:6)
  5 ogres
  A centaur (D:6)
  A phantom (D:5)
  A bullfrog (D:6)
  A necrophage (D:3)
  2 scorpions (D:5)
  An orc priest (D:6)
  2 hounds
  A jelly (D:5)
  3 iguanas (D:5)
  4 orc wizards
  Robin (D:3)
  2 gnolls
  12 adders
  A river rat (D:3)
  2 ufetubi
  2 worms
  A dart slug (D:5)
  23 orcs
  9 ball pythons
  4 bats
  An endoplasm (D:4)
  5 giant cockroaches
  5 hobgoblins
  10 quokkas
  5 frilled lizards
  9 goblins
  7 kobolds
  3 rats
  A spectral kobold (D:4)
133 creatures vanquished.

Vanquished Creatures (collateral kills)
  A giant cockroach (D:4)
  A hobgoblin (D:4)
  A kobold (D:4)
3 creatures vanquished.

Vanquished Creatures (others)
  2 plants (D:2)
2 creatures vanquished.

Grand Total: 138 creatures vanquished

Notes
Turn   | Place    | Note
-------+----------+-------------------------------------------
     0 | D:1      | hquester the Troll Fighter began the quest for the Orb.
     0 | D:1      | Reached XP level 1. HP: 22/22 MP: 0/0
    56 | D:1      | Reached XP level 2. HP: 29/29 MP: 1/1
   669 | D:2      | Found a faded altar of an unknown god.
   802 | D:2      | Identified the +5 leather armour "Razxi" {Regen+ rCorr
                  | Str-4 Int+6}
   882 | D:2      | Reached XP level 3. HP: 36/36 MP: 2/2
  1228 | D:2      | Reached XP level 4. HP: 44/44 MP: 3/3
  1790 | D:3      | Found an ancient bone altar of Kikubaaqudgha.
  1797 | D:3      | Found a shimmering blue altar of Sif Muna.
  1801 | D:3      | Found a snail-covered altar of Cheibriados.
  1803 | D:3      | Found a blossoming altar of Fedhas.
  1804 | D:3      | Found a bloodstained altar of Trog.
  1804 | D:3      | Found a stormy altar of Qazlal.
  1811 | D:3      | Reached skill level 3 in Unarmed Combat
  1812 | D:3      | Found a broken altar of Ashenzari.
  1903 | D:3      | Noticed a necrophage
  1913 | D:3      | Killed a necrophage
  1914 | D:3      | Reached XP level 5. HP: 44/52 MP: 4/4
  1927 | D:3      | Noticed a water moccasin
  1936 | D:3      | Killed a water moccasin
  1937 | D:3      | Reached skill level 4 in Unarmed Combat
  1937 | D:3      | Reached XP level 6. HP: 38/61 MP: 5/5
  2020 | D:3      | Noticed Robin
  2052 | D:3      | Killed Robin
  2875 | D:4      | Found a glowing golden altar of the Shining One.
  2881 | D:4      | Noticed Eustachio
  2904 | D:4      | Found a staircase to the Ecumenical Temple.
  2917 | Temple   | Entered the Ecumenical Temple
  3054 | D:4      | Killed Eustachio
  3163 | D:4      | You are sucked into a shaft and drop 3 floors!
  3164 | D:7      | Noticed a wraith
  3172 | D:6      | Reached XP level 7. HP: 67/67 MP: 6/6
  3185 | D:5      | Entered Level 5 of the Dungeon
  3198 | D:5      | Reached skill level 5 in Unarmed Combat
  3333 | D:4      | Found a hazy altar of Hepliaklqana.
  3671 | D:4      | Identified the +1 leather armour of Theory {+Inv rPois
                  | Will- Dex+6}
  3703 | D:4      | Reached skill level 6 in Unarmed Combat
  3735 | D:4      | Reached XP level 8. HP: 68/75 MP: 7/7
  3964 | D:5      | Reached skill level 1 in Stealth
  4151 | D:5      | Reached skill level 7 in Unarmed Combat
  4254 | D:5      | Found a shadowy altar of Dithmenos.
  4257 | D:5      | Found a radiant altar of Vehumet.
  4731 | D:6      | Reached skill level 5 in Dodging
  4818 | D:6      | Reached skill level 8 in Unarmed Combat
  5354 | D:6      | Found a runed translucent door.
  5399 | D:6      | Reached XP level 9. HP: 83/83 MP: 8/8
  5500 | D:6      | HP: 2/84 [orc warrior/+0 trident (10)]
  5524 | D:6      | HP: 2/84 [orc warrior/+0 trident (8)]
  5525 | D:6      | Mangled by an orc warrior

Illustrated notes

Levels and vault maps discovered:
D:1:      matt_arrival_refuge, layout_rooms, minmay_heptomino_o4
D:2:      wad_river_or_something, layout_basic,
          shapermc_ecumenical_altar_pompeii, minmay_shallow_snake_nest
D:3:      layout_basic, nicolae_overflow_hallway_of_the_gods,
          gup_sewer_entry_spiral, chequers_serial_rivers_room_a, uniq_robin
D:4:      layout_loops_ring, nicolae_hepliaklqana_monster_ancestors,
          mainiacjoe_overflow_tiny_flanked, temple_hall,
          hangedman_minor_gate_pass, uniq_eustachio
D:5:      layout_loops_ring, mainiacjoe_overflow_catwalk_spiral
D:6:      layout_loops_ring, minivault_26, lightli_church_of_beogh
D:7:      layout_gridville, nicolae_xom_altar_mimics, serial_bayou_pond_e,
          nicolae_take_the_stairs, uniq_menkaure
Temple:   dpeg_three_leaves_temple

Skill      XL: |  1  2  3  4  5  6  7  8 |
---------------+-------------------------+-----
Dodging        | 3 4 5 |  5.3
Unarmed Combat | 3 4 6 8 |  8.5
Shields        | 3 4 |  4.9
Fighting       | 3 |  3.8
Stealth        | 1 |  1.3
Short Blades   | |  0.8
Throwing       | |  0.1

Action                   |  1- 3 |  4- 6 |  7- 9 || total
-------------------------+-------+-------+-------++-------
Melee: Unarmed           |    90 |   118 |   201 ||   409
       Dagger            |    48 |       |       ||    48
       Short sword       |       |       |    36 ||    36
Throw: Stone             |       |     3 |       ||     3
  Use: Scroll            |       |     3 |    10 ||    13
 Stab: Sleeping          |       |     1 |     1 ||     2
Armor: Robe              |    45 |    25 |    38 ||   108
Dodge: Dodged            |    49 |    31 |    67 ||   147
Block: Kite shield       |    55 |    39 |    89 ||   183

Table legend: (Time is in decaauts)
 A = Elapsed time spent in this place.
 B = Non-inter-level travel time spent in this place.
 C = Inter-level travel time spent in this place.
 D = Time resting spent in this place.
 E = Time spent auto-exploring this place.
 F = Levels seen in this place.
 G = Mean time per level.
                   A        B        C        D        E       F      G
               +--------+--------+--------+--------+--------+-----+--------+
         Total |   5574 |   5553 |     21 |      3 |   2955 |   8 |  696.8 |
       Dungeon |   5499 |   5478 |     21 |      3 |   2955 |   7 |  785.6 |
        Temple |     74 |     74 |      0 |      0 |      0 |   1 |   74.0 |
               +--------+--------+--------+--------+--------+-----+--------+

Top non-repeatable levels by time:
     D:2: 1124 daAuts
     D:3: 1103 daAuts
     D:5: 939 daAuts
     D:6: 839 daAuts
     D:4: 816 daAuts
     D:1: 673 daAuts
  Temple: 74 daAuts
     D:7: 3 daAuts
